 Dungeon Crawl Stone Soup version 0.26.1-2-gb8aa6d0cf2 (webtiles) character file.

Game seed: 14717409910538478676

4464 Gadfly the Nimble (level 10, -6/56 HPs)
             Began as a Deep Elf Fire Elementalist on Feb 19, 2021.
             Was an Initiate of Vehumet.
             Killed from afar by a fire dragon (36 damage)
             ... with a blast of flame
             ... on level 8 of the Dungeon.
             The game lasted 00:21:21 (11493 turns).

Gadfly the Nimble (Deep Elf Fire Elementalist)     Turns: 11493, Time: 00:21:22

Health: -6/56      AC:  8    Str:  5    XL:     10   Next: 15%
Magic:  22/23      EV: 18    Int: 24    God:    Vehumet [......]
Gold:   151        SH:  0    Dex: 15    Spells: 8/24 levels left

rFire    . . .     SeeInvis .   b - +3 quarterstaff (chaos)
rCold    . . .     Faith    +   (shield currently unavailable)
rNeg     . . .     Spirit   .   g - +0 robe
rPois    .         Reflect  .   (no helmet)
rElec    .         Harm     .   i - +1 cloak
rCorr    .         Rampage  .   (no gloves)
Will     +....                  (no boots)
Stlth    ++........             a - amulet of faith
HPRegen  0.18/turn              c - +4 ring of protection
MPRegen  0.18/turn              (no ring)

@: no status effects
A: no striking features
a: Renounce Religion


You were on level 8 of the Dungeon.
You worshipped Vehumet.
Vehumet was noncommittal.
You visited 2 branches of the dungeon, and saw 9 of its levels.

You collected 293 gold pieces.
You spent 142 gold pieces at shops.

Inventory:

Hand Weapons
 b - a +3 quarterstaff of chaos (weapon)
Armour
 g - a +0 robe (worn)
 i - a +1 cloak (worn)
Jewellery
 a - an amulet of faith (around neck)
 c - a +4 ring of protection (left hand)
 t - an uncursed amulet of guardian spirit
Wands
 p - a wand of random effects (9)
 q - a wand of flame (17)
 u - a wand of paralysis (4)
Scrolls
 h - a scroll of amnesia
 j - a scroll of enchant armour
 k - 2 scrolls of blinking
 l - a scroll of magic mapping
 n - a scroll of remove curse
 r - a scroll of fear
Potions
 d - a potion of brilliance
 e - 3 potions of flight
 f - 4 potions of might
 m - 3 potions of heal wounds
 o - 2 potions of curing
 s - 2 potions of mutation
 w - a potion of haste


   Skills:
 + Level 4.0 Fighting
 * Level 8.6 Dodging
 - Level 2.4 Stealth
 + Level 7.8 Spellcasting
 * Level 7.5 Conjurations
 * Level 7.7 Fire Magic
 * Level 7.4 Earth Magic
 * Level 7.3 Evocations


You had 8 spell levels left.
You knew the following spells:

 Your Spells              Type           Power        Failure   Level
a - Foxfire               Conj/Fire      100%         1%          1
b - Conjure Flame         Conj/Fire      46%          1%          3
c - Sticky Flame          Conj/Fire      46%          2%          4
d - Fireball              Conj/Fire      23%          8%          5
e - Stone Arrow           Conj/Erth      90%          1%          3

Your spell library contained the following spells:

 Spells                   Type           Power        Failure   Level
 Sandblast                Erth           90%          1%          1
 Passwall                 Tmut/Erth      22%          2%          2
 Dazzling Flash           Conj/Hex       54%          4%          3
 Inner Flame              Hex/Fire       27%          4%          3
 Corona                   Hex            10%          7%          1
 Lee's Rapid Deconstruct  Erth           22%          9%          5
 Ensorcelled Hibernation  Hex/Ice        18%          10%         2
 Slow                     Hex            9%           10%         2
 Leda's Liquefaction      Hex/Erth       13%          14%         4
 Petrify                  Tmut/Erth      27%          14%         4
 Confusing Touch          Hex            9%           21%         3
 Portal Projectile        Hex/Tloc       18%          21%         3
 Tukima's Dance           Hex            9%           21%         3
 Cause Fear               Hex            4%           54%         4


Dungeon Overview and Level Annotations

Branches:
Dungeon (8/15)             Temple (1/1) D:4            Lair (0/6) D:8

Altars:
Ashenzari
Cheibriados
Dithmenos
Elyvilon
Fedhas
Gozag
Hepliaklqana
Kikubaaqudgha
Makhleb
Nemelex Xobeh
Okawaru
Qazlal
Ru
Sif Muna
Trog
Uskayaw
Vehumet
Wu Jian
Xom
Yredelemnul
Zin
The Shining One

Shops:
D:5 ?   D:7 *


Message History

You conjure some foxfire!
You conjure some foxfire!
The foxfire hits the fire dragon.
The fire dragon completely resists.
The fire dragon breathes flames at you. The blast of flame hits your foxfire.
Your foxfire completely resists.
The blast of flame hits you!!
The foxfire hits the fire dragon.
The fire dragon completely resists.
You hear a shout!
Aiming: Paralyse
Press: ? - help, Shift-Dir - straight line, f - fire dragon
Aim: a fire dragon (catching its breath, chance to affect: 32%)
The fire dragon easily resists.
The foxfire hits the fire dragon.
The fire dragon completely resists.
An orc comes into view. It is wielding a +1 trident of venom.
The foxfire hits the fire dragon but does no damage.
The fire dragon breathes flames at you. The blast of flame hits you!!!
Ouch! That really hurt!
You die...

#...##.................
##..###..................
###...#
#....####..........
#.....###...##
##....o.... .......#....#
#......... .......#....##
#.......# .............#
###......##
#.............##........#
##.........[^...@.D....##
##..............##.....#
##..........##.##.....#
#...#...........?.....#
...###..##...§§........#
#... ..# ..≈.≈≈≈§§.....
##.≈≈.§≈≈≈.....
#.§≈§>§≈§...>.


You could see a fire dragon (catching breath) and an orc.

Vanquished Creatures
  A two-headed ogre (D:6)
  Psyche (D:8)
  Sigmund (D:2)
  A steam dragon (D:6)
  3 orc warriors
  A sky beast (D:8)
  2 black bears
  A phantom (D:4)
  An ice beast (D:6)
  A necrophage (D:6)
  2 ogres
  An elf zombie (D:4)
  A bullfrog (D:7)
  An elf skeleton (D:4)
  A scorpion (D:7)
  9 killer bees
  5 wights
  A howler monkey (D:6)
  2 quasits (D:7)
  8 hounds
  5 orc wizards
  Crazy Yiuf (D:2)
  A bullfrog skeleton (D:5)
  A human zombie (D:4)
  2 jellies
  A centaur skeleton (D:5)
  Jessica (D:2)
  3 iguanas
  A human skeleton (D:4)
  5 worker ants
  A hound zombie (D:7)
  A worker ant zombie (D:7)
  9 adders
  2 shadow imps
  2 white imps
  3 ufetubi
  2 oozes (D:1)
  An adder skeleton (D:4)
  3 worms
  6 leopard geckos
  26 orcs
  6 giant cockroaches
  13 goblins
  7 hobgoblins
  7 jackals
  A quokka (D:3)
  A ball python (D:4)
  9 bats
  6 frilled lizards
  7 kobolds
  A leopard gecko skeleton (D:7)
  2 orc skeletons (D:4)
  4 rats
185 creatures vanquished.

Vanquished Creatures (others)
  607 foxfires
607 creatures vanquished.

Grand Total: 792 creatures vanquished

Notes
Turn   | Place    | Note
-------+----------+-------------------------------------------
     0 | D:1      | Gadfly the Deep Elf Fire Elementalist began the quest for
                  | the Orb.
     0 | D:1      | Reached XP level 1. HP: 10/10 MP: 6/6
   389 | D:1      | Reached XP level 2. HP: 15/15 MP: 4/8
   607 | D:1      | Reached skill level 1 in Earth Magic
  1050 | D:1      | Reached XP level 3. HP: 19/19 MP: 6/9
  1054 | D:1      | Learned a level 3 spell: Conjure Flame
  1196 | D:1      | Reached skill level 1 in Evocations
  1670 | D:2      | Reached skill level 3 in Dodging
  1682 | D:2      | Noticed Sigmund
  1718 | D:2      | Killed Sigmund
  1719 | D:2      | Reached XP level 4. HP: 16/24 MP: 8/11
  1719 | D:2      | Reached XP level 5. HP: 18/28 MP: 8/12
  2142 | D:2      | Noticed Jessica
  2148 | D:2      | Reached skill level 1 in Fighting
  2148 | D:2      | Killed Jessica
  2783 | D:2      | Found a faded altar of an unknown god.
  2943 | D:2      | Reached XP level 6. HP: 24/34 MP: 9/13
  2948 | D:2      | Learned a level 4 spell: Sticky Flame
  3189 | D:2      | Found a runed translucent door.
  3190 | D:2      | Noticed Crazy Yiuf
  3201 | D:2      | Killed Crazy Yiuf
  3332 | D:3      | Reached skill level 7 in Dodging
  3332 | D:3      | Reached skill level 5 in Evocations
  3332 | D:3      | Reached XP level 7. HP: 41/41 MP: 14/19
  3829 | D:3      | Learned a level 5 spell: Fireball
  4486 | D:4      | You fall into a shaft and drop 3 floors!
  4749 | D:6      | Reached XP level 8. HP: 31/46 MP: 20/20
  4894 | D:5      | Entered Level 5 of the Dungeon
  4975 | D:5      | Found Mushae's Magic Scroll Emporium.
  4979 | D:5      | Bought a scroll of blinking for 97 gold pieces
  4979 | D:5      | Bought a scroll of magic mapping for 45 gold pieces
  5726 | D:6      | Noticed a two-headed ogre
  5736 | D:6      | Killed a two-headed ogre
  5853 | D:6      | Reached XP level 9. HP: 47/51 MP: 14/21
  6115 | D:6      | Found a shimmering blue altar of Sif Muna.
  6731 | D:6      | Reached skill level 8 in Dodging
  7298 | D:7      | Found an ancient bone altar of Kikubaaqudgha.
  8366 | D:7      | Found Kiojy's General Store.
  8964 | D:7      | Learned a level 3 spell: Stone Arrow
  9431 | D:8      | Found a blossoming altar of Fedhas.
  9714 | D:8      | Noticed Psyche
  9724 | D:8      | Killed Psyche
  9725 | D:8      | Reached XP level 10. HP: 56/56 MP: 14/23
 10318 | D:4      | Found a staircase to the Ecumenical Temple.
 10494 | Temple   | Entered the Ecumenical Temple
 10589 | Temple   | Became a worshipper of Vehumet
 11487 | D:8      | Found a staircase to the Lair.
 11487 | D:8      | Noticed a fire dragon
 11493 | D:8      | Killed from afar by a fire dragon

Illustrated notes

Levels and vault maps discovered:
D:1:      nicolae_arrival_memento_mori, layout_loops_ring, minmay_liquid_box,
          minmay_split_cup_large
D:2:      layout_loops_cross, chequers_ecumenical_altar_simple,
          minmay_misc_feat_pillars, uniq_crazy_yiuf_cottage, uniq_jessica,
          uniq_sigmund
D:3:      layout_basic, gup_sewer_entry_bubbles
D:4:      layout_rooms, minmay_temple_entry_poolview,
          nicolae_ossuary_entry_catacombs
D:5:      layout_rooms, serial_shops, kennysheep_mini, kennysheep_windowed_goal
D:6:      minmay_angry_zag, layout_cave_pods, lemuel_round_altar,
          serial_column_ruins, column_ruins_pillar_6, column_ruins_pillar_7,
          column_ruins_pillar_6, column_ruins_pillar_3
D:7:      layout_gridville, basic_altar, serial_shops, nicolae_shop_statue_plus
D:8:      layout_layer_cave, minmay_lair_entry_lava, amethyst_killhole,
          fedhas_altar_4, uniq_psyche
Temple:   minmay_crystal_snake_temple

Skill      XL: |  1  2  3  4  5  6  7  8  9 10 |
---------------+-------------------------------+-----
Earth Magic    | 1 2 6 7 |  7.4
Evocations     | 2 5 6 7 |  7.3
Dodging        | 3 7 8 |  8.6
Conjurations   | 2 6 7 |  7.5
Fighting       | 1 3 4 |  4.0
Spellcasting   | 6 7 |  7.8
Fire Magic     | 6 7 |  7.7
Stealth        | |  2.4

Action                   |  1- 3 |  4- 6 |  7- 9 | 10-12 || total
-------------------------+-------+-------+-------+-------++-------
Melee: Dagger            |    22 |       |       |       ||    22
       Unarmed           |     1 |       |       |       ||     1
       Short sword       |    15 |    52 |       |       ||    67
       Quarterstaff      |       |     1 |   221 |   105 ||   327
 Cast: Foxfire           |    59 |    61 |   229 |    31 ||   380
       Sticky Flame      |       |     1 |    13 |     1 ||    15
       Fireball          |       |       |     1 |       ||     1
       Stone Arrow       |       |       |     1 |       ||     1
Evoke: Wand              |       |       |       |     1 ||     1
  Use: Scroll            |     3 |     4 |    11 |       ||    18
       Potion            |     2 |     1 |     2 |       ||     5
 Stab: Sleeping          |     2 |     2 |     2 |     4 ||    10
       Paralysed         |       |       |     1 |     1 ||     2
       Distracted        |       |       |     1 |       ||     1
       Petrified         |       |       |       |     3 ||     3
Armor: Robe              |    17 |    11 |    87 |    43 ||   158
Dodge: Dodged            |    31 |    58 |   328 |    75 ||   492
